 Dungeon Crawl Stone Soup version 0.28-a0-8-g6e044cfa68 (webtiles) character file.

Game seed: 5640578114541421502

7 Sin92 the Skirmisher (level 1, -1/18 HPs)
             Began as a Demonspawn Fighter on July 23, 2021.
             Succumbed to a goblin's poison
             ... on level 1 of the Dungeon.
             The game lasted 00:00:09 (17 turns).

Sin92 the Skirmisher (Demonspawn Fighter)             Turns: 17, Time: 00:00:09

Health: -1/18      AC:  6    Str: 16    XL:     1   Next: 83%
Magic:  1/1        EV:  7    Int:  9    God:
Gold:   0          SH:  8    Dex: 12    Spells: 0/0 levels left

rFire   . . .      SeeInvis .   a - +0 war axe
rCold   . . .      Faith    .   c - +0 kite shield
rNeg    . . .      Spirit   .   b - +0 scale mail
rPois   .          Reflect  .   (no helmet)
rElec   .          Harm     .   (no cloak)
rCorr   .          Rampage  .   (no gloves)
Will    .....                   (no boots)
Stlth   ..........              (no amulet)
HPRegen 0.06/turn               (no ring)
MPRegen 0.07/turn               (no ring)

@: lethally poisoned (-1 -> -8)
A: no striking features
a: no special abilities


You were on level 1 of the Dungeon.
You visited 1 branch of the dungeon, and saw 1 of its levels.

Inventory:

Hand Weapons
 a - a +0 war axe (weapon)
Armour
 b - a +0 scale mail (worn)
 c - a +0 kite shield (worn)
Potions
 d - a potion of might


   Skills:
 + Level 3.0 Fighting
 * Level 2.0 Axes
 + Level 2.7 Armour
 + Level 0.3 Dodging
 + Level 2.7 Shields


You couldn't memorise any spells.
You didn't know any spells.
Your spell library was empty.

Dungeon Overview and Level Annotations

Branches:
Dungeon (1/15)

Altars:


Message History

You are too injured to fight recklessly!
Unknown command.
There is a lethal amount of poison in your body!
You are too injured to fight recklessly!
Unknown command.
There is a lethal amount of poison in your body!
You are too injured to fight recklessly!
Unknown command.
There is a lethal amount of poison in your body!
You are too injured to fight recklessly!
You closely miss the goblin.
You feel very sick. You block the goblin's attack.
You hit the goblin.
The goblin is heavily wounded.
You hit the dart slug.
* * * LOW HITPOINT WARNING * * *
You feel sick. The goblin hits you but does no damage.
The dart slug launches a dart at you. The slug dart misses you.
You block the goblin's attack. The dart slug launches a dart at you.
You block the slug dart.
You closely miss the goblin.
The goblin is heavily wounded.
You hit the dart slug.
* * * LOW HITPOINT WARNING * * *
You feel sick. You block the goblin's attack. You block the dart slug's attack.
Unknown command.
You closely miss the goblin.
The goblin is heavily wounded.
You hit the dart slug.
You kill the dart slug!
* * * LOW HITPOINT WARNING * * *
You feel sick. You block the goblin's attack.
The goblin hits you but does no damage.
You are more poisoned.
Your Axes skill increases to level 2!
You slash the goblin!
You kill the goblin!
You die...

#.# .# .. .#
#.# .# .. .#
#.#.# ...#
#)†# #@.##.#
#####.....#
#....#.#..#
##'##......#
#8.8#.##.#.#
#♣<♣#.# ...#
♣♣♣♣.# #..#
♣.# ..# ...
..#


There were no monsters in sight!

Vanquished Creatures
  A dart slug (D:1)
  A ball python (D:1)
  A goblin (D:1)
  2 jackals (D:1)
5 creatures vanquished.

Notes
Turn   | Place    | Note
-------+----------+-------------------------------------------
     0 | D:1      | Sin92 the Demonspawn Fighter began the quest for the Orb.
     0 | D:1      | Reached XP level 1. HP: 18/18 MP: 1/1
    17 | D:1      | Succumbed to a goblin's poison

Illustrated notes

Levels and vault maps discovered:
D:1:      saegor_arrival_simple_b, layout_basic

Skill      XL: |  1 |
---------------+----+-----
Axes           | 2 |  2.0
Fighting       | |  3.0
Armour         | |  2.7
Dodging        | |  0.3
Shields        | |  2.7

Action                   || total
-------------------------++-------
Melee: War axe           ||    10
Armor: Scale mail        ||     5
Dodge: Dodged            ||     4
Block: Kite shield       ||    12

Table legend: (Time is in decaauts)
 A = Elapsed time spent in this place.
 B = Non-inter-level travel time spent in this place.
 C = Inter-level travel time spent in this place.
 D = Time resting spent in this place.
 E = Time spent auto-exploring this place.
 F = Levels seen in this place.
 G = Mean time per level.
                   A        B        C        D        E       F      G
               +--------+--------+--------+--------+--------+-----+--------+
         Total |     22 |     22 |      0 |      0 |      5 |   1 |   22.0 |
       Dungeon |     22 |     22 |      0 |      0 |      5 |   1 |   22.0 |
               +--------+--------+--------+--------+--------+-----+--------+

Top non-repeatable levels by time:
     D:1: 22 daAuts
